 Dungeon Crawl Stone Soup version 0.32-a0-999-gfa1cc04b1d (webtiles) character file.

Game seed: 1966908369792727360

242 Findleman the Trooper (level 5, -1/50 HPs)
             Began as a Minotaur Fighter on Apr 25, 2024.
             Was an Initiate of the Shining One.
             Slain by Grinder (5 damage)
             ... on level 4 of the Dungeon.
             The game lasted 00:03:15 (3037 turns).

Findleman the Trooper (Minotaur Fighter)            Turns: 3037, Time: 00:03:16

Health: -1/50      AC:  6    Str: 26    XL:     5   Next: 81%
Magic:  4/4        EV: 13    Int:  5    God:    the Shining One [......]
Gold:   177        SH:  4    Dex:  9    Spells: 4/4 levels left

rFire   . . .        l - +3 short sword "Daackulu" {holy, rElec Str+3}
rCold   . . .        c - +0 buckler
rNeg    . . .        b - +0 scale mail
rPois   .            (helmet restricted)
rElec   +            (no cloak)
rCorr   .            (no gloves)
SInv    .            (no boots)
Will    .....        (no amulet) Stlth
                     r - +5 ring of evasion
HPRegen 0.28/turn    (no ring)
MPRegen 0.09/turn

%: no passive effects
@: glowing
A: horns 2, retaliatory headbutt
a: Renounce Religion


You were on level 4 of the Dungeon.
You worshipped the Shining One.
The Shining One was noncommittal.
You visited 1 branch of the dungeon, and saw 4 of its levels.

You collected 177 gold pieces.

Inventory:

Hand Weapons
 a - a +0 war axe
 l - the +3 short sword "Daackulu" (weapon) {holy, rElec Str+3}
   (You found it on level 2 of the Dungeon)

   Str+3:     It affects your strength (+3).
   rElec:     It insulates you from electricity.
Armour
 b - a +0 scale mail (worn)
 c - a +0 buckler (worn)
Jewellery
 r - a +5 ring of evasion (left hand)
Scrolls
 e - a scroll of vulnerability {unknown}
 f - a scroll of poison {unknown}
 g - 3 scrolls of teleportation {unknown}
 h - a scroll of torment {unknown}
 i - a scroll of brand weapon {unknown}
 j - a scroll of noise {unknown}
 k - 4 scrolls of identify {unknown}
 m - a scroll of enchant weapon {unknown}
 p - a scroll of fog {unknown}
Potions
 d - 3 potions of might
 n - a potion of haste {unknown}
 o - a potion of resistance {unknown}
 q - a potion of heal wounds {unknown}


   Skills:
 + Level 6.1 Fighting
 + Level 5.5 Axes
 - Level 3.6 Armour
 - Level 3.6 Shields


You had 4 spell levels left.
You didn't know any spells.
Your spell library contained the following spells:

 Spells                   Type           Power      Damage    Failure   Level
 Summon Small Mammal      Summ           0%         N/A       82%         1
 Call Canine Familiar     Summ           0%         N/A       99%         3
 Summon Blazeheart Golem  Fire/Summ      0%         N/A       100%        4
 Iskenderun's Battlesphe  Conj           0%         2d6       100%        5
 Bombard                  Conj/Erth      0%         9d1       100%        6
 Spellforged Servitor     Conj/Summ      0%         N/A       100%        7


Dungeon Overview and Level Annotations

Branches:
Dungeon (4/15)
 Temple: D:4-7

Altars:
Yredelemnul
The Shining One

Shops:
D:4 =

Annotations:
D:4 Grinder


Innate Abilities, Weirdness & Mutations

You have a pair of horns on your head.
You reflexively headbutt those who attack you in melee.


Message History

Grinder is lightly wounded.
Grinder gestures at you. You resist with significant effort.
You hit Grinder.
Grinder convulses.
You headbutt Grinder, but do no damage.
Grinder is moderately wounded.
Grinder hits you.
You writhe in agony.
You closely miss Grinder.
Grinder is moderately wounded.
Grinder barely misses you. You block Grinder's attack.
You barely miss Grinder. Your headbutt misses Grinder.
Grinder is moderately wounded.
Grinder hits you.
You writhe in agony.
You closely miss Grinder.
Grinder is moderately wounded.
Grinder blinks!
You hit Grinder.
Grinder convulses!
Grinder is heavily wounded.
Grinder closely misses you.
You hit Grinder.
Grinder convulses.
Grinder is severely wounded.
Grinder hits you but does no damage.
You closely miss Grinder.
Grinder is severely wounded.
Grinder grins, showing sharp teeth.
Grinder gestures at you. Pain shoots through your body!
You are too injured to fight recklessly!
You are too injured to fight recklessly!
You barely miss Grinder.
Grinder is severely wounded.
Grinder gestures at you. Pain shoots through your body!
* * * LOW HITPOINT WARNING * * *
You hit Grinder.
Grinder convulses.
Your headbutt misses Grinder.
Grinder is severely wounded.
Grinder hits you.
* * * LOW HITPOINT WARNING * * *
You writhe in agony.
You die...
Grinder sighs, "Dead already?
I want a refund."

....... ...# ##.....
........# #...# ###...
........## #....# #...
.........##....# ##...
...............# ##....
...............## ##....#
................#####..).##
.........#.......##.....##
....?.....@............##
..........5...........##
#####................##
##...............#
##..............## ##
##...####.......####. #####
####......... ##.........
#..........


You could see Grinder.

Vanquished Creatures
  A bombardier beetle (D:4)
  A hound (D:3)
  An iguana (D:4)
  4 gnolls (D:4)
  6 adders
  A ribbon worm (D:3)
  An orc (D:3)
  5 endoplasms
  10 goblins
  6 hobgoblins
  6 kobolds
  A quokka (D:1)
  9 ball pythons
  2 bats
  A frilled lizard (D:3)
  3 rats
58 creatures vanquished.

Notes
Turn   | Place    | Note
-------+----------+-------------------------------------------
     0 | D:1      | Findleman the Minotaur Fighter began the quest for the Orb.
     0 | D:1      | Reached XP level 1. HP: 19/19 MP: 0/0
   222 | D:1      | Reached skill level 4 in Fighting
   223 | D:1      | Reached XP level 2. HP: 23/27 MP: 1/1
   948 | D:2      | Identified the +3 short sword "Daackulu" {holy, rElec
                  | Str+3}
  1287 | D:2      | Reached XP level 3. HP: 34/34 MP: 2/2
  1556 | D:3      | Reached skill level 5 in Fighting
  1556 | D:3      | Reached XP level 4. HP: 27/42 MP: 3/3
  2168 | D:3      | Found a basalt altar of Yredelemnul.
  2185 | D:3      | Found a glowing golden altar of the Shining One.
  2189 | D:3      | Noticed an angel
  2194 | D:3      | Became a worshipper of the Shining One
  2521 | D:4      | Reached XP level 5. HP: 49/49 MP: 4/4
  2618 | D:4      | Found Ucucwiph's Jewellery Shop.
  2629 | D:4      | Reached skill level 5 in Axes
  2714 | D:4      | Reached skill level 6 in Fighting
  3019 | D:4      | Noticed Grinder
  3037 | D:4      | Slain by Grinder

Illustrated notes

Levels and vault maps discovered:
D:1:      amcnicky_arrival_double_pillar, layout_basic
D:2:      layout_basic
D:3:      layout_basic, grunt_temple_overflow_holy_war, minivault_27
D:4:      layout_layer_cave, minmay_shop_enchanted_jewellery, fountainhead,
          uniq_grinder, uniq_natasha

Skill      XL: |  1  2  3  4  5 |
---------------+----------------+-----
Fighting       | 4 5 6 |  6.1
Axes           | 3 4 5 |  5.5
Armour         | |  3.6
Shields        | |  3.6

Action                     |  1- 3 |  4- 6 || total
---------------------------+-------+-------++-------
  Melee: War axe           |    54 |       ||    54
         Headbutt          |    15 |    15 ||    30
         Short sword       |    43 |    97 ||   140
 Armour: Scale mail        |    66 |    54 ||   120
  Dodge: Dodged            |    35 |    37 ||    72
  Block: Buckler           |    20 |    22 ||    42

Table legend: (Time is in decaauts)
 A = Elapsed time spent in this place.
 B = Non-inter-level travel time spent in this place.
 C = Inter-level travel time spent in this place.
 D = Time resting spent in this place.
 E = Time spent auto-exploring this place.
 F = Levels seen in this place.
 G = Mean time per level.
                   A        B        C        D        E       F      G
               +--------+--------+--------+--------+--------+-----+--------+
         Total |   3059 |   2990 |     69 |    132 |   2365 |   4 |  764.8 |
       Dungeon |   3059 |   2990 |     69 |    132 |   2365 |   4 |  764.8 |
               +--------+--------+--------+--------+--------+-----+--------+

Top non-repeatable levels by time:
     D:3: 1026 daAuts
     D:1: 856 daAuts
     D:2: 632 daAuts
     D:4: 545 daAuts
